 Dungeon Crawl Stone Soup version 0.31.0-9-g3a7656b989 (webtiles) character file.

Game seed: 6736837385911724652

28 Bnni the Shield-Bearer (level 3, -1/19 HPs)
             Began as a Vine Stalker Fighter on Jan 28, 2024.
             Slain by a gnoll
             ... wielding a +0 halberd
              (9 damage)
             ... on level 2 of the Dungeon.
             The game lasted 00:01:53 (1064 turns).

Bnni the Shield-Bearer (Vine Stalker Fighter)       Turns: 1064, Time: 00:01:54

Health: -1/19      AC:  7    Str: 18    XL:     3   Next: 14%
Magic:  0/4        EV:  9    Int:  8    God:
Gold:   79         SH:  5    Dex: 15    Spells: 2/2 levels left

rFire   . . .        a - +0 rapier
rCold   . . .        c - +0 buckler
rNeg    . . .        b - +0 scale mail
rPois   .            (no helmet)
rElec   .            (no cloak)
rCorr   .            (no gloves)
SInv    .            l - +0 pair of boots
Will    .....        (no amulet) Stlth
                     (no ring)
HPRegen 1.03/turn    (no ring)
MPRegen 0.09/turn

%: guardian spirit
@: no status effects
A: fangs 2, regeneration 1, magic shield, antimagic bite, no potion heal 2
a: no special abilities


You were on level 2 of the Dungeon.
You visited 1 branch of the dungeon, and saw 2 of its levels.

You collected 79 gold pieces.

Inventory:

Hand Weapons
 a - a +0 rapier (weapon)
Armour
 b - a +0 scale mail (worn)
 c - a +0 buckler (worn)
 i - a +0 kite shield
 l - a +0 pair of boots (worn)
Scrolls
 k - a scroll of fear {unknown}
 m - a scroll of amnesia {unknown}
Potions
 d - a potion of might
 e - a potion of magic {unknown}
 f - 2 potions of curing {unknown}
 g - a potion of experience {unknown}
 h - 2 potions of mutation {unknown}
 j - a potion of enlightenment {unknown}


   Skills:
 + Level 2.9 Fighting
 * Level 2.4 Short Blades
 - Level 2.4 Armour
 * Level 3.1 Shields


You had 2 spell levels left.
You didn't know any spells.
Your spell library contained the following spells:

 Spells                   Type           Power      Damage    Failure   Level
 Apportation              Tloc           0%         N/A       87%         1
 Necrotise                Necr           0%         1d4       87%         1
 Sting                    Conj/Alch      0%         1d3       87%         1
 Summon Small Mammal      Summ           0%         N/A       87%         1
 Call Canine Familiar     Summ           0%         N/A       99%         3
 Sigil of Binding         Hex            0%         N/A       99%         3
 Dimensional Bullseye     Hex/Tloc       0%         N/A       100%        4


Dungeon Overview and Level Annotations

Branches:
Dungeon (2/15)

Altars:
Hepliaklqana


Innate Abilities, Weirdness & Mutations

You have extremely sharp teeth.
Your natural rate of healing is unusually fast.
When hurt, damage is shared between your health and your magic reserves.
Your bite disrupts and absorbs the magic of your enemies.
Potions cannot restore your health.


Message History

The gnoll hits you from afar with a +0 halberd!
The gnoll hits you but does no damage.
You are too injured to fight recklessly!
Unknown command.
Okay, then.
The gnoll attacks as it pursues you! You block the gnoll's attack.
The gnoll attacks as it pursues you! The gnoll hits you but does no damage.
You puncture the gnoll! Your bite misses the gnoll.
The gnoll is heavily wounded.
The gnoll hits you with a +0 club.
You hit the gnoll but do no damage. Your bite misses the gnoll.
The gnoll is heavily wounded.
You block the gnoll's attack.
You hit the gnoll.
The gnoll is severely wounded.
You block the gnoll's attack.
Unknown command.
You hit the gnoll.
You kill the gnoll!
The gnoll hits you from afar with a +0 halberd.
You have reached level 3!
Your experience leads to an increase in your attributes!
Increase (S)trength, (I)ntelligence, or (D)exterity?
You feel agile. x2
You hit the ribbon worm.
The ribbon worm is lightly wounded.
The ribbon worm bites you but does no damage.
You hit the ribbon worm. You bite the ribbon worm. You drain its power.
You feel invigorated.
The ribbon worm is heavily wounded.
The gnoll barely misses you.
You hit the ribbon worm.
The ribbon worm is severely wounded.
The gnoll hits you from afar with a +0 halberd!
The ribbon worm expels a string of sticky webbing.
The stream of webbing hits you but does no damage.
You are caught in a web!
The web tears apart.
The gnoll hits you from afar with a +0 halberd!
You die...

#. #. #. . ##.# # .# # ..
... #### .#.##. # ...###..
.... ......### ......## #..
......... .....# #.# #.....
#.g#####.## #.##.#
#.ggw@....# #....#
#.#####†..## #..#.# .
###.####.†#..######..#..
#.###.g.g.##.###....##..####
#.....g......# ####.....####
###..(......## ##.......##
#....(....# #......#..#
.............# #......##.#
.#...[.........#...._...##..


You could see a ribbon worm (catching breath) and 3 gnolls.

Vanquished Creatures
  A gnoll (D:2)
  A dart slug (D:1)
  2 ball pythons
  2 bats
  A giant cockroach (D:1)
  A goblin (D:1)
  A hobgoblin (D:1)
  2 quokkas
  4 kobolds
  A rat (D:1)
16 creatures vanquished.

Notes
Turn   | Place    | Note
-------+----------+-------------------------------------------
     0 | D:1      | Bnni the Vine Stalker Fighter began the quest for the Orb.
     0 | D:1      | Reached XP level 1. HP: 11/11 MP: 2/2
   459 | D:1      | Reached XP level 2. HP: 16/16 MP: 3/3
   550 | D:1      | Reached skill level 3 in Shields
  1019 | D:2      | Found a hazy altar of Hepliaklqana.
  1060 | D:2      | Reached XP level 3. HP: 10/19 MP: 1/4
  1064 | D:2      | Slain by a gnoll

Illustrated notes

Levels and vault maps discovered:
D:1:      minmay_arrival_up_and_down, layout_loops_corners,
          minmay_misc_feat_cross, grunt_decor_resistance, grunt_decor_one_mirror
D:2:      layout_rooms, basic_altar

Skill      XL: |  1  2 |
---------------+-------+-----
Short Blades   | 2 |  2.4
Shields        | 3 |  3.1
Fighting       | |  2.9
Armour         | |  2.4

Action                     || total
---------------------------++-------
  Melee: Rapier            ||    44
         Bite              ||     7
 Armour: Scale mail        ||    18
  Dodge: Dodged            ||    24
  Block: Buckler           ||    14
